 Dungeon Crawl Stone Soup version 0.31-a0-152-g6aa68a64a1 (webtiles) character file.

Game seed: 16997052402669000167

686 qw the Skirmisher (level 7, -9/61 HPs)
             Began as a Minotaur Hunter on June 9, 2023.
             Mangled by a komodo dragon (11 damage)
             ... on level 5 of the Dungeon.
             The game lasted 00:01:27 (3451 turns).

qw the Skirmisher (Minotaur Hunter)                 Turns: 3451, Time: 00:01:27

Health: -9/61      AC:  5    Str: 16    XL:     7   Next: 35%
Magic:  6/6        EV: 13    Int:  6    God:
Gold:   243        SH:  0    Dex: 15    Spells: 6/6 levels left

rFire   + . .        Y - +0 shortbow
rCold   + . .        (shield currently unavailable)
rNeg    . . .        m - +1 robe {rC+ rF+}
rPois   +            (helmet restricted)
rElec   .            c - +0 cloak
rCorr   .            a - +0 pair of gloves
SInv    .            (no boots)
Will    .....        b - amulet of regeneration
Stlth   ++           h - ring of poison resistance
HPRegen 1.10/turn    (no ring)
MPRegen 0.10/turn

%: no passive effects
@: no status effects
A: horns 2, retaliatory headbutt
a: no special abilities


You were on level 5 of the Dungeon.
You visited 1 branch of the dungeon, and saw 6 of its levels.

You collected 293 gold pieces.
You spent 50 gold pieces at shops.


Innate Abilities, Weirdness & Mutations

You have a pair of horns on your head.
You reflexively headbutt those who attack you in melee.


   Skills:
 - Level 5.3 Fighting
 + Level 8.5 Ranged Weapons
 - Level 1.0 Armour
 - Level 3.1 Dodging
 - Level 0.7 Stealth


You had 6 spell levels left.
You didn't know any spells.
Your spell library was empty.

Inventory:

Hand Weapons
 Y - a +0 shortbow (weapon)
Armour
 a - a +0 pair of gloves (worn)
 c - a +0 cloak (worn)
 e - a +0 ring mail
 m - a +1 robe of resistance (worn)
Jewellery
 b - an amulet of regeneration (around neck)
 f - a ring of ice
 g - a ring of wizardry
 h - a ring of poison resistance (left hand)
Scrolls
 n - a scroll of enchant weapon {unknown}
 o - a scroll of identify
Potions
 d - a potion of mutation
 i - 2 potions of might
 j - a potion of berserk rage {unknown}
 k - a potion of heal wounds {unknown}
 l - a potion of enlightenment {unknown}

Dungeon Overview and Level Annotations

Branches:
Dungeon (6/15)
 Temple: D:4-7

Altars:
Qazlal
Ru

Shops:
D:1 **   D:3 *


Message History

You shoot an arrow.
The arrow hits the komodo dragon but does no damage.
The komodo dragon hisses angrily.
You shoot an arrow. The arrow hits the komodo dragon.
The komodo dragon is lightly wounded.
You shoot an arrow. The arrow hits the komodo dragon!
The komodo dragon is moderately wounded.
You shoot an arrow. The arrow hits the komodo dragon!
The komodo dragon is heavily wounded.
You shoot an arrow.
The arrow barely misses the komodo dragon.
You shoot an arrow.
The arrow hits the komodo dragon but does no damage.
The komodo dragon is heavily wounded.
You shoot an arrow.
The arrow closely misses the komodo dragon.
The komodo dragon misses you.
You shoot an arrow. The arrow hits the komodo dragon.
The komodo dragon is heavily wounded.
The komodo dragon completely misses you.
You shoot an arrow. The arrow hits the komodo dragon.
The komodo dragon is severely wounded.
The komodo dragon bites you but does no damage.
You shoot an arrow.
The arrow hits the komodo dragon but does no damage.
The komodo dragon is severely wounded.
The komodo dragon completely misses you.
You shoot an arrow. The arrow hits the komodo dragon.
The komodo dragon is severely wounded.
The komodo dragon bites you!!
You shoot an arrow. The arrow hits the komodo dragon.
The komodo dragon is almost dead.
The komodo dragon bites you!!
You shoot an arrow. The arrow hits the komodo dragon.
The komodo dragon is almost dead.
The komodo dragon bites you!
You shoot an arrow. The arrow hits the komodo dragon.
The komodo dragon is almost dead.
The komodo dragon bites you!
You die...

#.# .# #.# #.#
#(# #.# #.# #.#
#.# #.# #.# #
#.# #.#
#.###l######
#.#
###...@......#
#.######
..............#
#.......
.........####.#
###.....
##########
#.#####.####
#.......#
#.####### #.#
#.# #.#


You could see a komodo dragon.

Vanquished Creatures
  A steam dragon (D:4)
  A water moccasin (D:5)
  A black bear (D:4)
  A jelly (D:4)
  2 orc priests
  3 orc wizards
  6 gnolls
  4 adders
  3 worms
  3 dart slugs
  13 orcs
  7 endoplasms
  3 giant cockroaches
  8 goblins
  7 hobgoblins
  5 quokkas
  10 ball pythons
  4 bats
  3 frilled lizards
  3 kobolds
  3 rats
91 creatures vanquished.

Notes
Turn   | Place    | Note
-------+----------+-------------------------------------------
     0 | D:1      | qw the Minotaur Hunter began the quest for the Orb.
     0 | D:1      | Reached XP level 1. HP: 18/18 MP: 0/0
     0 | D:1      | 0 ||| qw: Version: 0.2-a-122-gbc61b45
     0 | D:1      | 0 ||| qw: Game counter: 3383
     0 | D:1      | 0 ||| qw: Always use a shield: true
     0 | D:1      | 0 ||| qw: God list: Okawaru
     0 | D:1      | 0 ||| qw: Allow faded altars: false
     0 | D:1      | 0 ||| qw: Do Orc after D:15 true
     0 | D:1      | 0 ||| qw: Do second Lair branch before Depths: true
     0 | D:1      | 0 ||| qw: Lair rune preference: random
     0 | D:1      | 0 ||| qw: Plans: Normal
     0 | D:1      | 0 ||| PLANNING D:1-11
    26 | D:1      | Found Wehute's Assorted Antiques.
    36 | D:1      | 36 ||| SHOPLISTING 2 murky red potions (50 gold, have 10).
    36 | D:1      | 36 ||| SHOPLISTING encrusted peridot ring (140 gold, have
                  | 10).
    36 | D:1      | 36 ||| SHOPLISTING jewelled brass wand (112 gold, have 10).
    36 | D:1      | 36 ||| SHOPLISTING scroll labelled BASEPU GUO (28 gold,
                  | have 10).
    36 | D:1      | 36 ||| SHOPLISTING scroll labelled QIGEOFFI MUGUS (28 gold,
                  | have 10).
    56 | D:1      | Found a faded altar of an unknown god.
    72 | D:1      | Found Patuh's Assorted Antiques.
    97 | D:1      | 97 ||| SHOPLISTING fizzy golden potion (23 gold, have 10).
    97 | D:1      | 97 ||| SHOPLISTING pink potion (23 gold, have 10).
    97 | D:1      | 97 ||| SHOPLISTING runed arbalest (195 gold, have 10).
    97 | D:1      | 97 ||| SHOPLISTING scroll labelled BEGRAN QUBUAXZO (26
                  | gold, have 10).
    97 | D:1      | 97 ||| SHOPLISTING scroll labelled RYMMIA NAERYAG (26 gold,
                  | have 10).
    97 | D:1      | 97 ||| SHOPLISTING scroll labelled ZAANTUMAOCU (26 gold,
                  | have 10).
   119 | D:1      | Found Queblom's Antique Armour Emporium.
   136 | D:1      | Reached XP level 2. HP: 25/25 MP: 1/1
   147 | D:1      | Reached skill level 5 in Ranged Weapons
   268 | D:1      | Reached skill level 3 in Fighting
   445 | D:1      | 445 ||| UPGRADING to +0 ring mail.
   455 | D:1      | 455 ||| DROPPING +0 leather armour.
   456 | D:1      | 456 ||| UPGRADING to ring of poison resistance.
   457 | D:1      | 457 ||| READING scroll labelled ZAANTUMAOCU.
   458 | D:1      | 458 ||| READING scroll labelled YRIGIDIOGU.
   459 | D:1      | 459 ||| READING scroll labelled RYMMIA NAERYAG.
   463 | D:1      | 463 ||| DROPPING scroll of butterflies.
   508 | D:2      | Reached skill level 1 in Armour
   508 | D:2      | Reached XP level 3. HP: 31/31 MP: 2/2
   767 | D:2      | 767 ||| FLEEEEING.
   768 | D:2      | 768 ||| FLEEEEING.
   816 | D:2      | Reached XP level 4. HP: 38/38 MP: 3/3
   956 | D:2      | 956 ||| UPGRADING to +0 cloak.
   961 | D:2      | 961 ||| UPGRADING to amulet of the acrobat.
   966 | D:2      | 966 ||| READING 2 scrolls labelled OTUOSTR JAHUE.
   967 | D:2      | 967 ||| READING scroll labelled PET PACSIOTHAWK.
   968 | D:2      | 968 ||| DROPPING scroll of magic mapping.
  1503 | D:3      | Found Xuxeomyr's General Store.
  1511 | D:3      | 1511 ||| BUYING potion of curing (30 gold).
  1511 | D:3      | Bought a potion of curing for 30 gold pieces
  1511 | D:3      | 1511 ||| BUYING scroll of identify (20 gold).
  1511 | D:3      | Bought a scroll of identify for 20 gold pieces
  1562 | D:3      | Reached skill level 6 in Ranged Weapons
  1698 | D:3      | Found a stormy altar of Qazlal.
  1703 | D:3      | Found a sacrificial altar of Ru.
  1731 | D:3      | HP: 4/38 [gnoll/+0 halberd (8)]
  1732 | D:3      | 1732 ||| READING scroll of teleportation.
  1735 | D:3      | 1735 ||| FLEEEEING.
  2109 | D:3      | 2109 ||| UPGRADING to +0 pair of gloves.
  2114 | D:3      | 2114 ||| UPGRADING to +1 robe of resistance.
  2124 | D:3      | 2124 ||| READING scroll labelled VITUOM LUSYE.
  2125 | D:3      | 2125 ||| DRINKING 3 amethyst potions.
  2212 | D:4      | Noticed a black bear
  2222 | D:4      | Killed a black bear
  2223 | D:4      | Reached XP level 5. HP: 37/48 MP: 4/4
  2362 | D:4      | 2362 ||| DRINKING potion of curing.
  2362 | D:4      | 2362 ||| (to cure confusion)
  2412 | D:4      | Reached XP level 6. HP: 47/56 MP: 5/5
  2577 | D:4      | Reached skill level 7 in Ranged Weapons
  2603 | D:4      | Noticed a steam dragon
  2604 | D:4      | 2604 ||| Stepping ~*~*~tactically~*~*~ (outnumbered).
  2719 | D:4      | Killed a steam dragon
  3046 | D:4      | 3046 ||| UPGRADING to amulet of regeneration.
  3056 | D:4      | 3056 ||| DROPPING amulet of the acrobat.
  3057 | D:4      | 3057 ||| READING scroll labelled KIDIAX LOESUM.
  3058 | D:4      | 3058 ||| READING scroll labelled BAYNLAQUHE.
  3059 | D:4      | 3059 ||| READING 2 scrolls of identify.
  3059 | D:4      | 3059 ||| IDENTIFYING brown potion
  3076 | D:5      | Entered Level 5 of the Dungeon
  3076 | D:5      | Noticed a water moccasin
  3084 | D:5      | Killed a water moccasin
  3085 | D:5      | Reached skill level 8 in Ranged Weapons
  3085 | D:5      | Reached XP level 7. HP: 61/61 MP: 6/6
  3130 | D:5      | You fall into a shaft and drop 1 floor!
  3323 | D:5      | Identified the +1 helmet of the Orb {Contam *Corrode rElec
                  | MP+9}
  3337 | D:5      | 3337 ||| Stepping ~*~*~tactically~*~*~ (outnumbered).
  3342 | D:5      | 3342 ||| DRINKING potion of curing.
  3342 | D:5      | 3342 ||| (to cure confusion)
  3345 | D:5      | Reached skill level 3 in Dodging
  3437 | D:5      | Noticed a komodo dragon
  3449 | D:5      | HP: 14/61 [komodo dragon (21)]
  3450 | D:5      | HP: 1/61 [komodo dragon (14)]
  3451 | D:5      | Mangled by a komodo dragon

Levels and vault maps discovered:
D:1:      mainiacjoe_arrival_reflecting_pool, layout_rooms, serial_shops, shop,
          nicolae_shop_dealshenge, shop, basic_ecumenical_altar
D:2:      minmay_alternating_diamond, layout_basic, minmay_pentomino_o4
D:3:      layout_loops_corners, grunt_temple_overflow_open, serial_shops,
          nicolae_shop_peninsula, kennysheep_cross_bottleneck
D:4:      layout_basic, hangedman_abyss_or_decor_passed
D:5:      layout_loops_ring, nicolae_hepliaklqana_monster_ancestors,
          temple_hall, chequers_serial_rivers_micro_e, uniq_menkaure,
          uniq_crazy_yiuf_cottage
D:6:      layout_basic, serial_glass, glass_columns_a, glass_columns_a,
          minmay_statues_item, sigmund_army

Skill      XL: |  1  2  3  4  5  6  7 |
---------------+----------------------+-----
Ranged Weapons | 5 6 8 |  8.5
Fighting       | 3 5 |  5.3
Armour         | 1 |  1.0
Dodging        | 3 |  3.1
Stealth        | |  0.7

Action                     |  1- 3 |  4- 6 |  7- 9 || total
---------------------------+-------+-------+-------++-------
   Fire: Shortbow          |   118 |   155 |    67 ||   340
    Use: Scroll            |     3 |     7 |       ||    10
         Potion            |       |     2 |     1 ||     3
 Armour: Leather armour    |     2 |       |       ||     2
         Ring mail         |     3 |     6 |       ||     9
         Robe              |       |    15 |     7 ||    22
  Dodge: Dodged            |    17 |    38 |    20 ||    75

Table legend:
 A = Non-vault XP
 B = Vault XP
 C = Vault XP percentage of total XP
 D = Non-vault monster count
 E = Vault monster count
 F = Vault count percentage of total count
                 A         B        C        D         E       F
            +---------+---------+-------+---------+---------+-------
      Total |     964 |      16 |   1.6 |      84 |       7 |   7.7
            +---------+---------+-------+---------+---------+-------
        D:1 |      36 |       0 |   0.0 |      20 |       0 |   0.0
        D:2 |      49 |      16 |  24.6 |      18 |       7 |  28.0
        D:3 |      67 |       0 |   0.0 |      11 |       0 |   0.0
        D:4 |     505 |       0 |   0.0 |      22 |       0 |   0.0
        D:5 |     261 |       0 |   0.0 |       9 |       0 |   0.0
        D:6 |      46 |       0 |   0.0 |       4 |       0 |   0.0
            +---------+---------+-------+---------+---------+-------
